 Dungeon Sprint DCSS version 0.23-a0-396-g5214e5f (webtiles) character file.

12700000 namelastname112 the Intangible (level 27, -34/298 HPs)
             Began as a Deep Dwarf Monk on Nov 2, 2018.
             Was the Champion of Makhleb.
             Killed from afar by an observer (66 damage)
             ... with a fireball
             ... in the Dungeon (Sprint VIII: "Arena of Blood").
             The game lasted 00:02:58 (127 turns).

namelastname112 the Intangible (Deep Dwarf Monk)     Turns: 127, Time: 00:02:58

Health: -34/298    AC:  4    Str: 19    XL:     27
Magic:  44/54      EV: 37    Int: 11    God:    Makhleb [******]
Gold:   0          SH:  0    Dex: 24    Spells: 80/80 levels left

rFire    . . .     SeeInvis .   j - +∞ Axe of Woe
rCold    . . .     Gourm    .   (shield currently unavailable)
rNeg     + . .     Faith    .   b - +0 robe
rPois    .         Spirit   .   (no helmet)
rElec    .         Reflect  .   (no cloak)
rCorr    .         Harm     .   (no gloves)
MR       ++++.     NoTele   +   (no boots)
Stlth    +++++++++.             (no amulet)
HPRegen  0.00/turn              (no ring)
MPRegen  0.34/turn              (no ring)

@: non-regenerating
A: damage resistance, heal wounds, negative energy resistance 1, sense
surroundings 3, no regeneration
a: Heal Wounds, Minor Destruction, Lesser Servant of Makhleb, Major Destruction,
Greater Servant of Makhleb, Renounce Religion


You were in the Dungeon.
You worshipped Makhleb.
Makhleb was exalted by your worship.
You were not hungry.

You visited 1 branch

Inventory:

Hand Weapons
 a - a +0 short sword
 j - the +∞ Axe of Woe (weapon)
   (You found it in the Dungeon)
Armour
 b - a +0 robe (worn)
Scrolls
 i - a scroll of blinking
Potions
 d - a potion of curing
 f - a potion of haste
 g - 2 potions of magic
 h - a potion of berserk rage
Comestibles
 c - a ration


   Skills:
 O Level 27 Fighting
 O Level 27 Short Blades
 O Level 27 Axes
 O Level 27 Throwing
 O Level 27 Armour
 O Level 27 Dodging
 O Level 27 Stealth
 O Level 27 Unarmed Combat
 O Level 27 Spellcasting
 O Level 27 Invocations


You had 80 spell levels left.
You didn't know any spells.
Your spell library was empty.

Dungeon Overview and Level Annotations

Branches:
Dungeon (1/1)

Altars:
Makhleb


Innate Abilities, Weirdness & Mutations

You are resistant to damage.
You can heal yourself by infusing magical energy.
You resist negative energy. (rN+)
You passively map a large area around you.
You do not regenerate.


Message History

The eight-headed meat hydra calls on the powers of darkness!
The eight-headed meat hydra convulses!
Your body is wracked with pain!
* * * LOW HITPOINT WARNING * * *
The fleshlord convulses!
The fleshlord shouts!
The bag of meat convulses! x2
You hear a shout! x5
There is a burning altar of Makhleb, spattered with blood here.
You take 5 damage, and have 32/298 hp.
The fleshlord shouts!
You hit the fleshlord.
You pulverise the fleshlord into a thin bloody mist.
You kill the fleshlord!
Makhleb accepts your kill.
You hear a shout! x4; You feel something staring at you.
A fireball appears from out of thin air!
The fireball explodes!
Deactivating autopickup; reactivate with Ctrl-A.
The fireball engulfs you!
You die...

, ,, ,...........
,,, , , ,, ,,
o.....o.. ,, ,, , ,
, #oDoo...#, , , ,
, *.. #.oo ...# o,
, ,*
,...###.oO,...###..
,, , , , ,
,.....§o§###O......
,,
#.%.ooo§§_).......
, ,
,...o§#))%.)#.....
, , , ... #_)<%@#,
... ,, , , ,
.....#)D%))#.....,
, ,
..p....)_)%...o.. ,
, ,
.......###.......,
* ,, , , ..###...
.%.###.. , , . #o..
..%# . ,, , ,
#...,..p# , ,, ,, ,
, ......... , , *
...., ,...., ,


You could see an eight-headed meat hydra, a fleshlord, a meat berserker
(berserk) and 5 bags of meat.

Vanquished Creatures
  A hell knight (D)
  Sigmund (D)
  9 hell beasts (D)
  Edmund (D)
  4 greater mummies (D)
  3 great orbs of eyes (D)
  6 wraiths (D)
  9 vampire knights (D)
  32 ogres (D)
  6 two-headed ogres (D)
  4 liches (D)
  3 hydras (D)
  40 orcs (D)
  4 phantoms (D)
  A skeletal warrior (D)
  10 large abominations (D)
  4 small abominations (D)
  4 crawling corpses (D)
142 creatures vanquished.

Vanquished Creatures (others)
  An orc (D)
  A crawling corpse (D)
2 creatures vanquished.

Grand Total: 144 creatures vanquished

Notes
Turn   | Place    | Note
-------+----------+-------------------------------------------
     0 | D        | Found the +∞ Axe of Woe
     0 | D        | namelastname112 the Deep Dwarf Monk began the quest for the
                  | Orb.
     0 | D        | Reached XP level 1. HP: 20/20 MP: 1/1
     2 | D        | Noticed a bag of meat
     4 | D        | Became a worshipper of Makhleb the Destroyer
     4 | D        | Reached * piety under Makhleb
     4 | D        | Reached ** piety under Makhleb
     8 | D        | Noticed a meat berserker
    10 | D        | Killed a bag of meat
    10 | D        | Reached skill level 15 in Fighting
    10 | D        | Reached skill level 15 in Short Blades
    10 | D        | Reached skill level 5 in Axes
    10 | D        | Reached XP level 2. HP: 52/52 MP: 2/2
    10 | D        | Reached XP level 3. HP: 60/60 MP: 3/3
    10 | D        | Reached XP level 4. HP: 68/68 MP: 4/4
    10 | D        | Reached XP level 5. HP: 75/75 MP: 5/5
    10 | D        | Reached XP level 6. HP: 84/84 MP: 6/6
    10 | D        | Reached XP level 7. HP: 91/91 MP: 7/7
    10 | D        | Reached XP level 8. HP: 99/99 MP: 8/8
    10 | D        | Gained mutation: You passively map the area around you.
                  | [Deep Dwarf growth]
    10 | D        | Reached XP level 9. HP: 106/106 MP: 9/9
    10 | D        | Reached XP level 10. HP: 115/115 MP: 10/10
    10 | D        | Reached XP level 11. HP: 122/122 MP: 11/11
    10 | D        | Noticed a meat berserker
    10 | D        | Noticed a bag of meat
    10 | D        | Noticed a meat berserker
    10 | D        | Noticed a bag of meat
    11 | D        | Killed a meat berserker
    11 | D        | Reached XP level 12. HP: 140/140 MP: 12/12
    11 | D        | Reached XP level 13. HP: 148/148 MP: 13/13
    12 | D        | Noticed a meat berserker
    12 | D        | Noticed a bag of meat
    14 | D        | Killed a meat berserker
    14 | D        | Gained mutation: You resist negative energy. (rN+) [Deep
                  | Dwarf growth]
    14 | D        | Reached XP level 14. HP: 163/163 MP: 14/14
    14 | D        | Noticed a bag of meat
    15 | D        | Killed a meat berserker
    15 | D        | Reached *** piety under Makhleb
    15 | D        | Reached XP level 15. HP: 177/177 MP: 15/15
    15 | D        | Reached skill level 10 in Axes
    15 | D        | Noticed a meat berserker
    16 | D        | Killed a meat berserker
    16 | D        | Reached skill level 27 in Dodging
    16 | D        | Reached skill level 15 in Stealth
    16 | D        | Reached XP level 16. HP: 193/193 MP: 16/16
    16 | D        | Reached **** piety under Makhleb
    16 | D        | Reached skill level 15 in Axes
    16 | D        | Reached XP level 17. HP: 207/207 MP: 17/17
    16 | D        | Noticed a meat berserker
    17 | D        | Reached skill level 27 in Fighting
    17 | D        | Reached skill level 27 in Short Blades
    17 | D        | Killed a meat berserker
    17 | D        | Reached ***** piety under Makhleb
    18 | D        | Reached skill level 27 in Axes
    18 | D        | Gained mutation: You passively map a large area around you.
                  | [Deep Dwarf growth]
    18 | D        | Reached XP level 18. HP: 218/218 MP: 18/18
    21 | D        | Killed a meat berserker
    21 | D        | Reached skill level 27 in Stealth
    22 | D        | Reached skill level 10 in Throwing
    22 | D        | Reached skill level 10 in Unarmed Combat
    22 | D        | Reached XP level 19. HP: 226/226 MP: 18/32
    22 | D        | Noticed a destroyer
    26 | D        | Noticed a meat berserker
    27 | D        | Noticed a large bag of meat
    27 | D        | Noticed an eight-headed meat hydra
    30 | D        | TheNamelessOne: а неплохая идея
    30 | D        | Reached skill level 10 in Spellcasting
    30 | D        | Reached skill level 15 in Invocations
    30 | D        | Killed a meat berserker
    30 | D        | Reached skill level 15 in Throwing
    30 | D        | Reached skill level 15 in Unarmed Combat
    31 | D        | Reached ****** piety under Makhleb
    32 | D        | Reached skill level 15 in Spellcasting
    32 | D        | Reached XP level 20. HP: 236/236 MP: 20/39
    33 | D        | TheNamelessOne: как то и не подумал о дд
    33 | D        | namelastname112: да тут много рас себя хорошо показывают
    33 | D        | Noticed a destroyer
    36 | D        | Killed a destroyer
    38 | D        | Killed a large bag of meat
    38 | D        | Noticed an eight-headed meat hydra
    39 | D        | Noticed a meat berserker
    39 | D        | Noticed a meat berserker
    39 | D        | Noticed a meat berserker
    39 | D        | Noticed a destroyer
    41 | D        | Killed a destroyer
    41 | D        | Reached skill level 27 in Invocations
    41 | D        | Reached XP level 21. HP: 194/244 MP: 22/45
    42 | D        | Noticed an accursed
    43 | D        | Killed an accursed
    43 | D        | Reached skill level 27 in Armour
    43 | D        | Reached XP level 22. HP: 145/254 MP: 22/49
    47 | D        | Reached skill level 27 in Throwing
    47 | D        | Reached skill level 27 in Unarmed Combat
    48 | D        | Reached skill level 27 in Spellcasting
    49 | D        | Noticed a tyrant
    51 | D        | Killed a destroyer
    51 | D        | Reached XP level 23. HP: 262/262 MP: 24/54
    52 | D        | Noticed an accursed
    55 | D        | Noticed a large bag of meat
    55 | D        | Noticed an accursed
    56 | D        | Noticed a destroyer
    56 | D        | Noticed a large bag of meat
    56 | D        | Noticed a dread
    58 | D        | Noticed a tyrant
    59 | D        | Reached XP level 24. HP: 272/272 MP: 26/54
    59 | D        | Noticed a tyrant
    60 | D        | Noticed a dread
    62 | D        | Noticed The Captor
    62 | D        | Noticed a dread
    63 | D        | Killed a large bag of meat
    63 | D        | Killed a dread
    63 | D        | Reached XP level 25. HP: 202/280 MP: 27/54
    64 | D        | Killed a destroyer
    64 | D        | Noticed a meat beast
    65 | D        | Noticed a dread
    66 | D        | Noticed a destroyer
    66 | D        | Killed a dread
    66 | D        | Reached XP level 26. HP: 290/290 MP: 28/54
    67 | D        | Killed an accursed
    68 | D        | Killed a tyrant
    71 | D        | Killed a dread
    71 | D        | Reached XP level 27. HP: 161/298 MP: 29/54
    71 | D        | Noticed a dread
    72 | D        | Noticed a destroyer
    72 | D        | Noticed a dread
    73 | D        | Killed a destroyer
    74 | D        | Killed a dread
    74 | D        | Killed a tyrant
    75 | D        | Killed a tyrant
    75 | D        | Noticed a meat beast
    76 | D        | Killed a meat beast
    76 | D        | Killed The Captor
    77 | D        | Killed a destroyer
    78 | D        | Noticed a destroyer
    79 | D        | Killed a meat beast
    79 | D        | Killed a dread
    80 | D        | Killed a dread
    82 | D        | Noticed a meat beast
    83 | D        | Noticed a meat beast
    83 | D        | Noticed a meat beast
    85 | D        | Killed a destroyer
    85 | D        | Noticed a meat beast
    86 | D        | Noticed a large bag of meat
    87 | D        | Noticed a meat beast
    87 | D        | Noticed a tyrant
    88 | D        | Noticed a meat beast
    88 | D        | Noticed a meat beast
    88 | D        | Killed a large bag of meat
    89 | D        | Killed a meat beast
    91 | D        | Noticed a large bag of meat
    91 | D        | Noticed a large bag of meat
    91 | D        | Noticed a destroyer
    91 | D        | Killed a meat beast
    91 | D        | Killed a destroyer
    92 | D        | Killed a meat beast
    92 | D        | Noticed a large bag of meat
    94 | D        | Killed a meat beast
    95 | D        | Noticed an accursed
    95 | D        | Noticed an accursed
    96 | D        | Noticed The Defiler
    97 | D        | Killed a meat beast
    98 | D        | Noticed an accursed
    99 | D        | Killed The Defiler
   102 | D        | Noticed a destroyer
   103 | D        | Killed a large bag of meat
   103 | D        | Noticed a meat beast
   104 | D        | Killed a meat beast
   106 | D        | Killed a large bag of meat
   107 | D        | Killed a large bag of meat
   109 | D        | Killed a tyrant
   109 | D        | Killed a destroyer
   110 | D        | Killed a meat beast
   111 | D        | HP: 6/298 [accursed/divine providence (10)]
   114 | D        | Killed an accursed
   115 | D        | Killed an accursed
   118 | D        | namelastname112: бляди
   118 | D        | namelastname112: ссут подойти
   125 | D        | Noticed a fleshlord
   125 | D        | Noticed a fleshlord
   126 | D        | Noticed a fleshlord
   127 | D        | Killed a fleshlord
   127 | D        | Killed from afar by an observer

Vault maps used:
D:        meatsprint

Skill      XL: |  1  2  3  4  5  6  7  8  9 10 11 12 13 14 15 16 17 18 19 20 21 22 |
---------------+-------------------------------------------------------------------+-----
Fighting       | 15 18 20 22 24 26 27 | 27.0
Short Blades   | 15 18 21 22 24 26 27 | 27.0
Axes           | 5 7 8 9 12 15 27 | 27.0
Dodging        | 16 20 23 25 27 | 27.0
Stealth        | 9 11 13 15 20 27 | 27.0
Throwing       | 10 16 21 25 27 | 27.0
Armour         | 11 19 25 27 | 27.0
Unarmed Combat | 10 16 21 25 27 | 27.0
Spellcasting   | 9 15 20 23 27 | 27.0
Invocations    | 13 22 27 | 27.0

Action                   |  1- 3 |  4- 6 |  7- 9 | 10-12 | 13-15 | 16-18 | 19-21 | 22-24 | 25-27 || total
-------------------------+-------+-------+-------+-------+-------+-------+-------+-------+-------++-------
Melee: Executioner's axe |     1 |       |       |     1 |     3 |     5 |    11 |    14 |    49 ||    84
  Use: Potion            |       |       |       |       |       |       |       |       |     1 ||     1
Dodge: Dodged            |       |       |       |       |     2 |       |       |       |    11 ||    13

Table legend:
 A = Non-vault XP
 B = Vault XP
 C = Vault XP percentage of total XP
 D = Non-vault monster count
 E = Vault monster count
 F = Vault count percentage of total count
                 A         B        C        D         E       F
            +---------+---------+-------+---------+---------+-------
      Total | 4040213 |  643946 |  13.7 |      88 |      50 |  36.2
            +---------+---------+-------+---------+---------+-------
          D | 4040213 |  643946 |  13.7 |      88 |      50 |  36.2
            +---------+---------+-------+---------+---------+-------
